 Dungeon Crawl Stone Soup version 0.19-a0-1637-gfc13266 (webtiles) character file.

378 Amnesiac the Charlatan (level 6, 0/43 HPs)
             Began as a Mummy Artificer on Sept 20, 2016.
             Was an Initiate of Gozag.
             Slain by a worker ant (1 damage)
             ... on level 3 of the Dungeon.
             The game lasted 00:05:55 (3103 turns).

Amnesiac the Charlatan (Mummy Artificer)            Turns: 3103, Time: 00:05:55

Health: 0/43       AC:  4    Str: 15    XL:     6   Next: 45%
Magic:  10/10      EV: 12    Int: 10    God:    Gozag
Gold:   320        SH:  0    Dex: 15    Spells: 0 memorised, 5 levels left

rFire  x . .     SeeInvis .     a - +0 short sword
rCold  + . .     Gourm    .     b - +0 leather armour
rNeg   + + +     Faith    .     (no shield)
rPois  ∞         Spirit   .     (no helmet)
rElec  .         Dismiss  .     (no cloak)
rCorr  .         Reflect  .     (no gloves)
MR     .....     Harm     .     h - +0 pair of boots
Stlth  +.........               (no amulet)
                                m - ring of stealth
                                l - ring of loudness (curse)

@: no status effects
A: no food or potions, fire vulnerability, cold resistance 1, negative energy
resistance 3, torment resistance, unbreathing
a: Potion Petition, Call Merchant, Bribe Branch, Renounce Religion


You were on level 3 of the Dungeon.
You worshipped Gozag.
Gozag was aware of your devotion.
You were not hungry.

You visited 1 branch of the dungeon, and saw 4 of its levels.

You collected 389 gold pieces.
You paid 69 gold pieces to Gozag.

Inventory:

Hand Weapons
 a - a +0 short sword (weapon)
Armour
 b - a +0 leather armour (worn)
 h - a +0 pair of boots (worn)
Jewellery
 l - a cursed ring of loudness (left hand)
 m - a ring of stealth (right hand)
Wands
 c - a wand of flame (9/48)
 d - a wand of enslavement (14/24)
 e - a wand of random effects (15/48)
 j - a wand of random effects (25/48)
 k - a wand of iceblast (0/15)
Scrolls
 f - 2 scrolls of remove curse {unknown}
 g - a scroll of fear {unknown}
 i - a scroll of identify {unknown}
 n - 2 scrolls of enchant armour {unknown}
 o - a scroll of immolation {unknown}


   Skills:
 - Level 1.0 Fighting
 - Level 0.7 Short Blades
 - Level 1.5 Dodging
 - Level 0.7 Stealth
 + Level 6.1 Evocations


You had 5 spell levels left.
You didn't know any spells.

Dungeon Overview and Level Annotations

Branches:
Dungeon (4/15)
 Temple: D:4-7

Altars:
Gozag
Sif Muna

Annotations:
D:3 1 runed door


Innate Abilities, Weirdness & Mutations

You do not eat or drink.
Your flesh is vulnerable to fire.
You are immune to poison.
Your flesh is cold resistant. (rC+)
You are immune to negative energy. (rN+++)
You are immune to unholy pain and torment.
You can survive without breathing.


Message History

The worker ant barely misses you.
You barely miss the worker ant.
The worker ant is moderately wounded.
The worker ant barely misses you. x2
You hit the worker ant but do no damage.
The worker ant is moderately wounded.
The worker ant bites you.
* * * LOW HITPOINT WARNING * * *
You hit the worker ant.
The worker ant is heavily wounded.
The worker ant barely misses you. The worker ant bites you.
* * * LOW HITPOINT WARNING * * *
Evoke which item? (* to show all) (? for menu, Esc to quit)
Zapping:
d - a wand of enslavement (15/24)
Press: ? - help, Shift-Dir - straight line, f - worker ant
Aim: a worker ant (heavily wounded, chance to defeat MR: 67%)
The worker ant struggles to resist.
This wand has 14 charges left.
The worker ant bites you.
You die...
Your body crumbles into a pile of gold.

#....# #########
####.######.......# .
#........##.......# ..
#........##.......# ...
#.....(..##.......# ....
#####.#####.......# .....##
#..# #.......#
.......########.####.......#
.......osoa@......).........
..$....#o####....###.......#
.......#.##......###.......#
...o...#.#........##.......#
########...................#
#..####.####..#######
#######..##.....##.##
#........#.......#.#
#..).....#.......#.#


You could see a worker ant, 3 orcs and a giant cockroach.

Vanquished Creatures
  Grinder (D:3)
  Jessica (D:3)
  An orc wizard (D:3)
  A worker ant (D:4)
  4 gnolls
  An adder (D:2)
  2 worms (D:2)
  A dart slug (D:3)
  2 leopard geckos (D:1)
  6 orcs (D:3)
  4 bats
  3 giant cockroaches
  7 goblins
  7 hobgoblins
  6 kobolds
  A quokka (D:2)
  3 frilled lizards
  7 rats
58 creatures vanquished.

Notes
Turn   | Place    | Note
-------+----------+-------------------------------------------
     0 | D:1      | Amnesiac the Mummy Artificer began the quest for the Orb.
     0 | D:1      | Reached XP level 1. HP: 15/15 MP: 2/2
   201 | D:2      | Reached skill level 3 in Evocations
   201 | D:2      | Reached XP level 2. HP: 14/21 MP: 2/4
   588 | D:3      | Noticed Jessica
   621 | D:3      | Killed Jessica
   621 | D:3      | Reached XP level 3. HP: 15/26 MP: 5/5
   852 | D:3      | Found a runed door.
   882 | D:3      | Found a deep blue altar of Sif Muna.
   964 | D:4      | Found an opulent altar of Gozag.
   970 | D:4      | Became a worshipper of Gozag Ym Sagoz the Greedy
   973 | D:4      | Reached skill level 4 in Evocations
   973 | D:4      | Reached XP level 4. HP: 29/32 MP: 5/7
  1830 | D:1      | Reached XP level 5. HP: 33/37 MP: 8/8
  2769 | D:3      | Noticed Grinder
  2813 | D:3      | Killed Grinder
  2813 | D:3      | Reached skill level 6 in Evocations
  2813 | D:3      | Reached XP level 6. HP: 11/43 MP: 8/10
  3102 | D:3      | HP: 1/43 [worker ant (6)]
  3103 | D:3      | Slain by a worker ant

Vault maps used:
D:1:      matt_arrival_refuge, minivault_24
D:2:      kennysheep_pointless_box
D:3:      old_standard_altar, roderic_batcave, uniq_crazy_yiuf_cottage,
          uniq_grinder, uniq_jessica
D:4:      kennysheep_little_box, first_bread, uniq_edmund

Skill      XL: |  1  2  3  4  5 |
---------------+----------------+-----
Evocations     | 3 4 6 |  6.1
Fighting       | |  1.0
Short Blades   | |  0.7
Dodging        | |  1.5
Stealth        | |  0.7

Action                   |  1- 3 |  4- 6 || total
-------------------------+-------+-------++-------
Melee: Short sword       |    91 |   244 ||   335
Evoke: Wand              |       |     9 ||     9
 Stab: Distracted        |       |     1 ||     1
       Sleeping          |       |     1 ||     1
Armor: Leather armour    |    18 |    56 ||    74
Dodge: Dodged            |    57 |   140 ||   197
